 Dungeon Crawl Stone Soup version 0.24-a0-73-g81bb1ad (webtiles) character file.

Game seed: 3459371432530507280

265 slphil the Poker (level 6, -3/49 HPs)
             Began as a Formicid Abyssal Knight on Feb 6, 2019.
             Was a Believer of Lugonu.
             Killed by nerve-wracking pain
             ... invoked by an orc priest
              (8 damage)
             ... on level 4 of the Dungeon.
             The game lasted 00:11:50 (3530 turns).

slphil the Poker (Formicid Abyssal Knight)          Turns: 3530, Time: 00:11:51

Health: -3/49      AC: 11    Str: 19    XL:     6   Next: 44%
Magic:  9/9        EV:  9    Int: 11    God:    Lugonu [**....]
Gold:   184        SH:  0    Dex: 10    Spells: 5/5 levels left

rFire    . . .     SeeInvis +   a - +1 spear
rCold    . . .     Gourm    .   (no shield)
rNeg     . . .     Faith    +   g - +0 scale mail (curse)
rPois    .         Spirit   .   (helmet unavailable)
rElec    .         Reflect  .   s - +1 cloak
rCorr    .         Harm     .   (no gloves)
MR       .....                  v - +2 pair of boots
Stlth    ..........             e - amulet of faith
HPRegen  0.16/turn              (no ring)
MPRegen  0.11/turn              (no ring)

@: no status effects
A: permanent stasis, dig shafts and tunnels, four strong arms, antennae 3
a: Dig, Shaft Self, Depart the Abyss, Bend Space, Renounce Religion


You were on level 4 of the Dungeon.
You worshipped Lugonu.
Lugonu was pleased with you.
You were not hungry.

You visited 1 branch of the dungeon, and saw 4 of its levels.
You visited the Abyss 1 time.

You collected 184 gold pieces.

Inventory:

Hand Weapons
 a - a +1 spear (weapon)
 k - a +0 hunting sling
Missiles
 h - 165 stones (quivered)
Armour
 g - a cursed +0 scale mail (worn)
 p - a +0 large shield
 s - a +1 cloak (worn)
 v - a +2 pair of boots (worn)
Jewellery
 e - an amulet of faith (around neck)
 i - an uncursed amulet of magic regeneration {unknown}
 w - an uncursed ring of ice
Scrolls
 d - a scroll of magic mapping {unknown}
 f - a scroll of remove curse {unknown}
 m - 3 scrolls of teleportation {unknown}
 n - a scroll of enchant armour {unknown}
 q - 2 scrolls of identify {unknown}
 r - 2 scrolls of enchant weapon {unknown}
 t - a scroll of fog {unknown}
 u - a scroll of amnesia {unknown}
Potions
 j - a potion of resistance {unknown}
 l - a potion of cancellation {unknown}
 o - 2 potions of curing {unknown}
Comestibles
 b - a chunk of flesh
 c - 6 rations


   Skills:
 + Level 4.6 Fighting
 * Level 4.7 Polearms
 - Level 2.1 Armour
 - Level 0.8 Dodging
 + Level 4.1 Invocations


You had 5 spell levels left.
You didn't know any spells.
Your spell library was empty.

Dungeon Overview and Level Annotations

Branches:
Dungeon (4/15)
 Temple: D:4-7

Altars:


Innate Abilities, Weirdness & Mutations

You cannot be hasted, slowed, berserked, paralysed or teleported.
You can dig through walls and to a lower floor.
Your four strong arms can wield two-handed weapons with a shield.
You have a pair of large antennae on your head. (SInv)


Message History

Press: ? - help, Dir - move target cursor, f/p - orc priest
Aim: an orc priest, wielding a +0 hand axe (moderately wounded)
You barely miss the orc priest.
The orc priest is moderately wounded.
The orc priest calls down the wrath of Beogh upon you.
Beogh smites you!
* * * LOW HITPOINT WARNING * * *
You hear a shout!
You hit the orc priest but do no damage.
The orc priest is moderately wounded.
The orc priest looks encouraged for a moment.
You barely miss the orc priest.
The orc priest is moderately wounded.
The orc priest hits you with a +0 hand axe.
* * * LOW HITPOINT WARNING * * *
You barely miss the orc priest.
The orc priest is moderately wounded.
The orc priest mumbles some strange prayers to Beogh against you.
Pain shoots through your body!
You die...

#.#.....#
#.#.....#
#.#.###.##
#.#......#
#.#####..# ...
#.#####..#
.......#.#......#
#....#..#.#.####.#
.. #.#.....#@#.#
#.#
...#.##...##o#.#
#.#
...#...^>.##)#.#
#.#########
#.........#o#.#
#.........#
#.......((#.#
#########.#
#....[.รท###.# #.#
#.......#
#.############.#
.####.......#
#...............
............#
################


You could see an orc priest and an orc.

Vanquished Creatures
  An orc priest (D:4)
  2 orc wizards
  Natasha (D:4)
  8 adders
  6 worms
  2 dart slugs
  A leopard gecko (D:1)
  3 orcs
  6 bats
  2 giant cockroaches (D:1)
  9 goblins
  6 hobgoblins
  4 jackals
  7 kobolds
  3 quokkas
  4 frilled lizards
  3 rats (D:1)
68 creatures vanquished.

Notes
Turn   | Place    | Note
-------+----------+-------------------------------------------
     0 | Abyss:1  | slphil the Formicid Abyssal Knight began the quest for the
                  | Orb.
     0 | Abyss:1  | Reached XP level 1. HP: 18/18 MP: 2/2
    44 | Abyss:1  | Found a corrupted altar of Lugonu.
   141 | D:1      | Escaped the Abyss
   192 | D:1      | Reached XP level 2. HP: 24/24 MP: 3/3
   390 | D:1      | Reached * piety under Lugonu
   419 | D:1      | Reached XP level 3. HP: 23/29 MP: 4/4
   929 | D:2      | Reached XP level 4. HP: 27/37 MP: 6/6
  1767 | D:2      | Reached XP level 5. HP: 37/42 MP: 7/7
  2415 | D:2      | Reached ** piety under Lugonu
  3338 | D:4      | Noticed Natasha
  3346 | D:4      | Killed Natasha
  3346 | D:4      | Reached XP level 6. HP: 45/49 MP: 8/8
  3530 | D:4      | Killed from afar by an orc priest

Vault maps used:
D:1:      minmay_arrival_stone_box, layout_rooms, minmay_ruptured
D:2:      layout_basic
D:3:      layout_basic, first_ration
D:4:      layout_basic, minmay_temple_entry_junction_2, uniq_natasha Abyss:1:

Skill      XL: |  1  2  3  4  5  6 |
---------------+-------------------+-----
Polearms       | 3 4 |  4.7
Invocations    | 3 4 |  4.1
Fighting       | 4 |  4.6
Armour         | |  2.1
Dodging        | |  0.8

Action                   |  1- 3 |  4- 6 || total
-------------------------+-------+-------++-------
Melee: Spear             |   108 |   240 ||   348
 Fire: Hunting sling     |       |    12 ||    12
Invok: Depart the Abyss  |     1 |       ||     1
 Stab: Sleeping          |     1 |       ||     1
  Eat: Chunk             |       |     9 ||     9
Armor: Leather armour    |    20 |    26 ||    46
       Scale mail        |       |    41 ||    41
Dodge: Dodged            |    48 |    64 ||   112
Block: Large shield      |       |     9 ||     9

Table legend:
 A = Non-vault XP
 B = Vault XP
 C = Vault XP percentage of total XP
 D = Non-vault monster count
 E = Vault monster count
 F = Vault count percentage of total count
                 A         B        C        D         E       F
            +---------+---------+-------+---------+---------+-------
      Total |     341 |      38 |  10.0 |      65 |       3 |   4.4
            +---------+---------+-------+---------+---------+-------
        D:1 |      42 |       3 |   6.7 |      17 |       2 |  10.5
        D:2 |     109 |       0 |   0.0 |      26 |       0 |   0.0
        D:3 |     109 |       0 |   0.0 |      18 |       0 |   0.0
        D:4 |      81 |      35 |  30.2 |       4 |       1 |  20.0
            +---------+---------+-------+---------+---------+-------
